 Dungeon Crawl Stone Soup version 0.26-a0-639-g72c4674329 (webtiles) character file.

Game seed: 11954824124891853278

1 Apogee the Chopper (level 1, -5/19 HPs)
             Began as a Minotaur Chaos Knight on Sept 16, 2020.
             Was a Plaything of Xom.
             Slain by a gnoll (8 damage)
             ... on level 1 of the Dungeon.
             The game lasted 00:00:46 (91 turns).

Apogee the Chopper (Minotaur Chaos Knight)            Turns: 91, Time: 00:00:47

Health: -5/19      AC:  5    Str: 13 (16) XL:     1   Next: 16%
Magic:  0/0        EV: 11    Int:  6 (9)  God:    Xom [..*...]
Gold:   0          SH:  0    Dex:  7 (9)  Spells: 0/0 levels left

rFire    . . .     SeeInvis .   a - +0 hand axe (chaos)
rCold    . . .     Faith    .   (no shield)
rNeg     . . .     Spirit   .   b - +2 leather armour
rPois    .         Reflect  .   (helmet restricted)
rElec    .         Harm     .   (no cloak)
rCorr    .         Rampage  .   (no gloves)
MR       .....                  (no boots)
Stlth    +.........             (no amulet)
HPRegen  0.06/turn              (no ring)
MPRegen  0.07/turn              (no ring)

@: no status effects
A: retaliatory headbutt, horns 2
a: Renounce Religion


You were on level 1 of the Dungeon.
You worshipped Xom.
You were a toy of Xom.
You visited 1 branch of the dungeon, and saw 1 of its levels.

Inventory:

Hand Weapons
 a - a +0 hand axe of chaos (weapon)
Armour
 b - a +2 leather armour (worn)
Scrolls
 d - a scroll of enchant weapon {unknown}


   Skills:
 + Level 3.6 Fighting
 * Level 3.6 Axes
 + Level 2.4 Armour
 + Level 1.1 Dodging


You couldn't memorise any spells.
You didn't know any spells.
Your spell library was empty.

Dungeon Overview and Level Annotations

Branches:
Dungeon (1/15)

Altars:


Innate Abilities, Weirdness & Mutations

You reflexively headbutt those who attack you in melee.
You have a pair of horns on your head.


Message History

Options error: Bad channel -- pray (~/.crawlrc:4441) Options error: Bad channel -- food (~/.crawlrc:4444) Welcome, Apogee the Minotaur Chaos Knight.
Will you prevail where others failed? Will you find the Orb of Zot?
Xom says: A new plaything!
Found a coppery potion.
Found a staircase leading out of the dungeon.
c - a coppery potion
Found a mace.
You see here a mace.
Found a stone staircase leading down.
Found a scroll labeled OTOEFF FIOLAJ.
d - a scroll labeled OTOEFF FIOLAJ You open the door.
There is an open door here.
A kobold comes into view. It is wielding a +0 whip.
The kobold shouts!
A kobold is nearby!
You hit the kobold.
You kill the kobold!
No target in view!
No target in view!
Things that are here:
a +0 whip; a kobold corpse You open the door.
There is an open door here.
Found a club.
You see here a club.
A gnoll comes into view.
The gnoll shouts!
The gnoll hits you.
You barely miss the gnoll. The gnoll closely misses you.
You hit the gnoll but do no damage. The gnoll hits you.
You slash the gnoll!
The gnoll goes berserk!
The gnoll closely misses you. The gnoll hits you!
* * * LOW HITPOINT WARNING * * *
It was a potion of degeneration.
There was something very wrong with that liquid.
You feel weakened.
You feel dopey.
You feel clumsy. The gnoll hits you!
You die...

....# #.#
....# #.#
#.# ....#
#.# #.#
##### #.#
#.# #.#
#.#.# #)#
#.#.# #.#
#.#.# #.#
#.#g# #.#
#.#@# #.#
#.#.# #.#
#.#.#
#.###.#.#
#.......#
#####.###
#.# #.#
#.#


You could see a gnoll (berserk).

Vanquished Creatures
  A kobold (D:1)
1 creature vanquished.

Notes
Turn   | Place    | Note
-------+----------+-------------------------------------------
     0 | D:1      | Apogee the Minotaur Chaos Knight began the quest for the
                  | Orb.
     0 | D:1      | Reached XP level 1. HP: 19/19 MP: 0/0
    91 | D:1      | Slain by a gnoll

Illustrated notes

Levels and vault maps discovered:
D:1:      minmay_arrival_glassed_features, layout_basic

Action                   || total
-------------------------++-------
Melee: Hand axe          ||     4
  Use: Potion            ||     1
Dodge: Dodged            ||     2

Table legend: (Time is in decaauts)
 A = Elapsed time spent in this place.
 B = Non-inter-level travel time spent in this place.
 C = Inter-level travel time spent in this place.
 D = Time resting spent in this place.
 E = Time spent auto-exploring this place.
 F = Levels seen in this place.
 G = Mean time per level.
                   A        B        C        D        E       F      G
               +--------+--------+--------+--------+--------+-----+--------+
         Total |     91 |     91 |      0 |      0 |     76 |   1 |   91.0 |
       Dungeon |     91 |     91 |      0 |      0 |     76 |   1 |   91.0 |
               +--------+--------+--------+--------+--------+-----+--------+

Top non-repeatable levels by time:
     D:1: 91 daAuts
